 Dungeon Crawl Stone Soup version 0.17-a0-1663-gb806841 (webtiles) character file.

3507 wvc the Spear-Bearer (level 10, -6/58 HPs)
             Began as a Tengu Wanderer on Aug 16, 2015.
             Was an Elder of Okawaru.
             Mangled by a cyclops (10 damage)
             ... on level 9 of the Dungeon.
             The game lasted 00:28:42 (7544 turns).

wvc the Spear-Bearer (Tengu Wanderer)               Turns: 7544, Time: 00:28:42

Health: -6/58      AC: 16    Str: 12    XL:     10   Next: 7%
Magic:  21/21      EV: 11    Int: 15    God:    Okawaru [****..]
Gold:   60         SH:  0    Dex: 15    Spells: 0 memorised, 9 levels left

rFire  . . .     SeeInvis +     e - +3 glaive (venom)
rCold  . . .     Clarity  .     s - +3 ring mail "Gawepp" {+Inv MP+9}
rNeg   . . .     SustAt   .     (no shield)
rPois  .         Gourm    .     (helmet restricted)
rElec  .         Spirit   .     C - +0 cloak
rCorr  .         Warding  .     y - +1 pair of gloves
rMut   .         Stasis   .     (boots unavailable)
MR     .....                    k - amulet of regeneration
Stlth  +.........               v - +4 ring of protection
                                p - ring of see invisible

@: not resistant to hostile enchantments, very unstealthy
A: beak, talons 3, able to fly 1
a: Fly, Heroism, Renounce Religion, Evoke Invisibility


You were on level 9 of the Dungeon.
You worshipped Okawaru.
Okawaru was greatly pleased with you.
You were not hungry.

You visited 1 branch of the dungeon, and saw 9 of its levels.

You collected 382 gold pieces.
You spent 322 gold pieces at shops.

Inventory:

Hand weapons
 a - a +3 spear
 c - a +0 halberd
 e - a +3 glaive of venom (weapon)
Missiles
 n - 25 poisoned needles
Armour
 s - the +3 ring mail "Gawepp" (worn) {+Inv MP+9}
   (You found it on level 4 of the Dungeon)

   It affects your magic capacity (+9).
   It lets you turn invisible.
 t - a +0 buckler
 y - a +1 pair of gloves (worn)
 C - a +0 cloak (worn)
Jewellery
 j - an uncursed amulet of resist corrosion {unknown}
 k - an amulet of regeneration (around neck)
 l - an uncursed ring of sustain attributes {unknown}
 p - a ring of see invisible (left hand)
 q - an uncursed ring of ice {unknown}
 v - a +4 ring of protection (right hand)
Magical devices
 x - a wand of flame (39)
 B - a wand of lightning (6)
 M - a wand of polymorph (13)
Scrolls
 h - 2 scrolls of blinking
 J - a scroll of magic mapping
 K - a scroll of teleportation
 L - a scroll of enchant armour
Potions
 b - 3 potions of lignification
 d - a potion of magic {unknown}
 g - 4 potions of curing
 i - 4 potions of brilliance
 m - a potion of cancellation {unknown}
 o - 2 potions of invisibility {unknown}
 u - 2 potions of flight {unknown}
 w - a potion of agility {unknown}
 A - a potion of resistance {unknown}
 E - 2 potions of might {unknown}
 F - a potion of ambrosia {unknown}
 G - a potion of haste {unknown}
Books
 r - a book of Beasts

   Spells                             Type                      Level
   a - Summon Butterflies             Summoning                    1
   b - Call Canine Familiar           Summoning                    3
   c - Summon Ice Beast               Ice/Summoning                4
   d - Summon Mana Viper              Hexes/Summoning              5
   e - Summon Hydra                   Summoning                    7
 N - a book of Debilitation

   Spells                             Type                      Level
   a - Corona                         Hexes                        1
   b - Slow                           Hexes                        2
   c - Gell's Gravitas                Hexes/Translocation          3
   d - Inner Flame                    Hexes/Fire                   3
   e - Cause Fear                     Hexes                        4
   f - Leda's Liquefaction            Hexes/Earth                  4
Miscellaneous
 D - an ornate deck of changes
Comestibles
 f - 8 bread rations
 z - a meat ration
 H - 4 chunks of flesh
 I - 10 royal jellies


   Skills:
 + Level 4.3 Fighting
 * Level 13.2 Polearms
 + Level 1.1 Throwing
 + Level 4.3 Armour
 + Level 2.9 Dodging
 - Level 2.0 Stealth
 - Level 2.8 Shields
 - Level 2.0 Invocations


You had 9 spell levels left.
You didn't know any spells.

Dungeon Overview and Level Annotations

Branches:
Dungeon (9/15)             Temple (0/1) D:6
   Lair: D:8-11         Orc: D:9-12

Altars:
Ashenzari
Cheibriados
Elyvilon
Gozag
Kikubaaqudgha
Nemelex Xobeh
Okawaru
Sif Muna
Vehumet
Xom
Yredelemnul
Zin

Shops:
D:5 *   D:6 [   D:8 }?%(?

Annotations:
D:3 Sigmund


Innate Abilities, Weirdness & Mutations

You have a beak for a mouth.
You have claws for feet.
You can fly.


Message History

The cyclops throws a large rock.
The large rock hits you!
Attack whom?
Press: ? - help, Dir - move target cursor, f/p - cyclops
Aim: a cyclops (moderately wounded, poisoned)
You reach to attack!
You slash the cyclops!
The cyclops is severely wounded.
The cyclops throws a large rock.
The large rock hits you!
* * * LOW HITPOINT WARNING * * *
You are too injured to fight recklessly!
You are too injured to fight recklessly!
You are too injured to fight recklessly!
You are too injured to fight recklessly!
Drink which item? (? for menu, Esc to quit)
You feel better. The cyclops hits you!!
* * * LOW HITPOINT WARNING * * *
You hit the cyclops.
The cyclops looks even sicker.
The cyclops is severely wounded.
The cyclops hits you!
You die...

###############
#..YYC@(....(.#
##.##########.#
#.# ########.#
######
...#...#.#
####....#
###.##.#.#.#
...'....+
..#.#.†..#.#
####....####
#.#.#....#.#
#.......#
#.#.#.(..#.#


You could see a cyclops and 2 sheep.

Vanquished Creatures
  Erica (D:9)
  A hippogriff (D:9)
  A water moccasin (D:7)
  A sky beast (D:5)
  A phantom (D:6)
  2 orc warriors (D:7)
  4 ogres
  An eye of draining (D:9)
  An ice beast (D:9)
  A centaur (D:7)
  A gnoll sergeant (D:9)
  4 giant frogs
  A scorpion (D:9)
  5 wights (D:7)
  A quasit (D:9)
  7 jellies
  A centaur skeleton (D:8)
  2 iguanas
  An orc priest (D:4)
  7 orc wizards
  A giant frog skeleton (D:9)
  6 worker ants
  A sheep (D:9)
  A hound zombie (D:7)
  Robin (D:3)
  6 adders
  8 gnolls
  2 shadow imps
  6 oozes
  A worm (D:3)
  6 giant geckos
  22 orcs
  7 giant cockroaches
  15 goblins
  9 hobgoblins
  15 jackals
  2 ball pythons
  4 bats
  2 giant gecko skeletons
  8 giant newts
  17 kobolds
  2 quokkas
  7 rats
193 creatures vanquished.

Vanquished Creatures (others)
  A quokka (D:2)
  A giant newt (D:2)
2 creatures vanquished.

Grand Total: 195 creatures vanquished

Notes
Turn   | Place    | Note
--------------------------------------------------------------
     0 | D:1      | wvc the Tengu Wanderer began the quest for the Orb.
     0 | D:1      | wvc set off with: a +2 spear, a potion of lignification, a scroll of teleportation, a +0 robe, a +0 dagger, a bread ration
     0 | D:1      | Reached XP level 1. HP: 15/15 MP: 2/2
    52 | D:1      | Reached XP level 2. HP: 12/20 MP: 3/3
   473 | D:1      | Reached XP level 3. HP: 13/24 MP: 4/4
  1442 | D:2      | Reached XP level 4. HP: 26/29 MP: 5/5
  1676 | D:2      | Found a white marble altar of Elyvilon.
  2167 | D:3      | Reached skill level 1 in Armour
  2240 | D:3      | Noticed Robin
  2261 | D:3      | Killed Robin
  2261 | D:3      | Gained mutation: You can fly. [Tengu growth]
  2261 | D:3      | Reached XP level 5. HP: 33/33 MP: 6/6
  2301 | D:3      | Reached skill level 5 in Polearms
  2308 | D:3      | Noticed Sigmund
  2526 | D:4      | Noticed an ogre
  2610 | D:4      | Killed an ogre
  2610 | D:4      | Reached XP level 6. HP: 19/38 MP: 7/7
  2723 | D:4      | Found an opulent altar of Gozag.
  2804 | D:4      | Reached skill level 6 in Polearms
  2849 | D:4      | Got a dazzling ring mail
  3466 | D:4      | Found an iron altar of Okawaru.
  3475 | D:4      | Became a worshipper of Warmaster Okawaru
  3589 | D:4      | Reached XP level 7. HP: 15/43 MP: 8/8
  4059 | D:5      | Entered Level 5 of the Dungeon
  4086 | D:5      | Reached skill level 7 in Polearms
  4179 | D:5      | Identified the +3 ring mail "Gawepp" {+Inv MP+9} (You found it on level 4 of the Dungeon)
  4426 | D:5      | Found Enuera's Assorted Antiques.
  4434 | D:5      | Bought a scroll labeled PAIPLI MOKHOU for 34 gold pieces
  4434 | D:5      | Bought a scroll of identify for 68 gold pieces
  4825 | D:6      | Found a staircase to the Ecumenical Temple.
  5057 | D:6      | Reached skill level 8 in Polearms
  5157 | D:6      | Acquired Okawaru's first power
  5157 | D:6      | Reached skill level 1 in Shields
  5157 | D:6      | Reached XP level 8. HP: 34/48 MP: 9/9
  5299 | D:6      | Found Wucycar's Armour Shoppe.
  5316 | D:6      | Bought a +0 cloak for 58 gold pieces
  5426 | D:6      | Reached skill level 9 in Polearms
  5759 | D:7      | Reached skill level 10 in Polearms
  5978 | D:7      | Reached skill level 1 in Invocations
  5978 | D:7      | Reached XP level 9. HP: 48/52 MP: 10/10
  6086 | D:7      | Reached skill level 11 in Polearms
  6221 | D:8      | Found Loph's Magic Scroll Emporium.
  6225 | D:8      | Bought a scroll of identify for 26 gold pieces
  6225 | D:8      | Bought a scroll of teleportation for 39 gold pieces
  6225 | D:8      | Bought a scroll of enchant armour for 97 gold pieces
  6280 | D:8      | Found Noarhol's Gadget Shoppe.
  6403 | D:8      | Found Jacuaris's Weapon Shop.
  6433 | D:8      | Found a shimmering altar of Xom.
  6435 | D:8      | Found a sparkling altar of Nemelex Xobeh.
  6656 | D:8      | Found Wonoumm's Magic Scroll Shop.
  6674 | D:8      | Found Romaonec's Food Shoppe.
  6806 | D:8      | Found a deep blue altar of Sif Muna.
  6808 | D:8      | Found a basalt altar of Yredelemnul.
  6809 | D:8      | Found an ancient bone altar of Kikubaaqudgha.
  6809 | D:8      | Found a radiant altar of Vehumet.
  6811 | D:8      | Found a snail-covered altar of Cheibriados.
  6812 | D:8      | Found a shattered altar of Ashenzari.
  6813 | D:8      | Found a glowing silver altar of Zin.
  7287 | D:9      | Reached skill level 12 in Polearms
  7311 | D:9      | Noticed Erica
  7322 | D:9      | Killed Erica
  7335 | D:9      | Reached XP level 10. HP: 50/57 MP: 12/12
  7493 | D:9      | Reached skill level 13 in Polearms
  7535 | D:9      | Noticed a cyclops
  7544 | D:9      | Mangled by a cyclops

Vault maps used:
D:1:      minmay_arrival_arboretum_small
D:2:      elyvilon_altar_4, first_bread
D:3:      minmay_misc_feat_ornament, uniq_sigmund, uniq_robin
D:4:      okawaru_metal_pillars_1_2, kennysheep_mini
D:5:      serial_shops, shop
D:6:      minmay_temple_entry_junction2, serial_shops, shop, amalloy_card_club
D:8:      minitemple, serial_shops, shop, shop, shop_scrolls, shop, shop_statue,
          hangedman_little_slice_of_home
D:9:      spider_trap, uniq_erica

Action                   |  1- 3 |  4- 6 |  7- 9 | 10-12 || total
-------------------------+-------+-------+-------+-------++-------
Melee: Spear             |   129 |   269 |   339 |       ||   737
       Glaive            |       |       |    62 |    21 ||    83
Invok: Heroism           |       |       |     5 |       ||     5
  Use: Scroll            |       |    12 |    12 |       ||    24
       Potion            |       |     1 |     2 |     1 ||     4
 Stab: Sleeping          |     1 |     3 |     1 |     1 ||     6
  Eat: Bread ration      |     1 |       |       |       ||     1
       Chunk             |       |     3 |     2 |       ||     5
       Fruit             |       |     2 |     5 |       ||     7
       Beef jerky        |       |     1 |       |       ||     1
       Meat ration       |       |       |     2 |       ||     2
       Pizza             |       |       |     1 |       ||     1
